 Dungeon Sprint DCSS version 0.32-a0-355-ged53ad6fd3 (webtiles) character file.

Game seed: 18159990577595070015

2396 Conn the Thaumaturge (level 9, 0/51 HPs)
             Began as an Octopode Fire Elementalist on Feb 18, 2024.
             Was a High Priest of Sif Muna.
             Killed by angry trees
             ... awakened by a spriggan druid
              (21 damage)
             ... in the Dungeon (Sprint IV: "Fedhas' Mad Dash").
             The game lasted 00:08:18 (1407 turns).

Conn the Thaumaturge (Octopode Fire Elementalist)   Turns: 1407, Time: 00:08:19

Health: 0/51       AC:  1    Str:  8    XL:     9   Next: 46%
Magic:  18/22      EV: 15    Int: 21    God:    Sif Muna [*****.]
Gold:   128        SH:  5    Dex: 12    Spells: 16/26 levels left

rFire   . . .        k - +0 rapier
rCold   . . .        j - +0 buckler
rNeg    . . .        (helmet restricted)
rPois   .            f - amulet of invisibility {+Inv}
rElec   .            n - ring of wizardry
rCorr   .            (no ring)
SInv    .            (no ring)
Will    .....        (no ring)
Stlth   +++++        (no ring)
HPRegen 0.28/turn    (no ring)
MPRegen 0.18/turn    (no ring)
                     (no ring)

%: no teleportation, wizardry (x1)
@: no status effects
A: almost no armour, amphibious, 8 rings, camouflage 1, gelatinous body 1,
(nimble swimmer 1), tentacles
a: Renounce Religion, Evoke Invisibility, Channel Magic, Forget Spell, Divine
Exegesis


You were in the Dungeon.
You worshipped Sif Muna.
Sif Muna was extremely pleased with you.
You visited 1 branch You collected 167 gold pieces.
You spent 39 gold pieces at shops.

Inventory:

Hand Weapons
 i - a +0 dagger
 k - a +0 rapier (weapon)
 p - a +3 sling of draining
Armour
 j - a +0 buckler (worn)
Jewellery
 f - the amulet of invisibility (around mantle) {+Inv}
   (You found it in the Dungeon)

   [amulet of nothing]

   +Inv:      It lets you turn invisible.
 n - a ring of wizardry (left tentacle)
Scrolls
 g - 3 scrolls of fear
 h - a scroll of blinking
 m - a scroll of fog {unknown}
Potions
 a - 3 potions of magic
 b - a potion of curing
 c - a potion of heal wounds
 d - a potion of haste
 e - a potion of berserk rage
 l - a potion of lignification
Miscellaneous
 o - a phantom mirror


   Skills:
 + Level 7.5 Dodging
 - Level 8.3 Stealth
 * Level 7.4 Shields
 * Level 9.4 Spellcasting
 * Level 9.2 Conjurations
 - Level 5.0 Hexes
 + Level 9.2 Fire Magic
 * Level 6.1 Invocations


You had 16 spell levels left.
You knew the following spells:

 Your Spells              Type           Power      Damage    Failure   Level
a - Foxfire               Conj/Fire      100%       2x1d9     1%          1
b - Scorch                Fire           96%        2d9       1%          2
c - Inner Flame           Hex/Fire       39%        N/A       1%          3
d - Flame Wave            Conj/Fire      48%        2d12      1%          4

Your spell library contained the following spells:

 Spells                   Type           Power      Damage    Failure   Level
 Volatile Blastmotes      Fire/Tloc      58%        2d14      1%          3


Dungeon Overview and Level Annotations

Branches:
Dungeon (1/1)

Altars:
Cheibriados
Dithmenos
Elyvilon
Gozag
Hepliaklqana
Kikubaaqudgha
Makhleb
Nemelex Xobeh
Okawaru
Qazlal
Ru
Sif Muna
Trog
Uskayaw
Vehumet
Wu Jian
Xom
Yredelemnul
Zin
The Shining One
Beogh
Jiyva
Lugonu

Shops:
D [*=[


Innate Abilities, Weirdness & Mutations

You cannot wear most types of armour.
You are amphibious.
You can wear up to eight rings at the same time.
Your skin changes colour to match your surroundings (Stealth+).
Your rubbery body absorbs attacks. (AC +1, EV +1)
((You are camouflaged when in or above water. (Stealth+)))
You have tentacles for arms and can constrict up to eight enemies at once.


Message History

The oklob sapling explodes!
The fiery explosion engulfs your foxfire.
Your foxfire completely resists.
Unknown command.
Your foxfire dissipates!
Your foxfire dissipates!
Your magical contamination has completely faded away.
You see here a +3 sling of draining.
p - a +3 sling of draining You start resting.
Magic restored.
Okay, then.
Unknown command.
You have 128 gold pieces.
As you open the door, it creaks loudly!
Found a scroll labelled VIDUGA YRICILISCH.
There is an open door here.
Casting: Foxfire (safe; 1% risk of failure)
Confirm with . or Enter, or press ? or * to list all spells.
You conjure some foxfire!
Your foxfire dissipates! x2
Casting: Foxfire (safe; 1% risk of failure)
Confirm with . or Enter, or press ? or * to list all spells.
Casting: Flame Wave (dangerous; 1% risk of failure)
Press: ? - help, Dir - look around, f - activate A wave of flame ripples out!
The tree burns like a torch! (Press . to intensify the flame waves.)
You hear a shout!
A spriggan druid comes into view. It is wielding a +0 quarterstaff.
Unknown command.
Unknown command.
Unknown command.
The spriggan druid gestures wildly while chanting.
The forest starts to sway and rumble!
Unknown command.
You are engulfed in blazing flames.
Ouch! That really hurt!
Branches wave dangerously above you. A root smacks you from below!!
You die...

#################################
<..P#.....#.....#.⌠._._._._.⌠.#.[
PP..'.....'.#.).'.._._._._._..'..
PPPP#.....#.#...#..._._._._...#..
##############'##.._._._._._..#..
...♣........'...#._._._._._.⌠.###
............#...###############
...........######§§§♣♣i.♣
#'####'######..'@§§§§.♣
).#....'.......#♣.§§♣♣.♣
.[#..###.......#.♣♣§§♣ ######
########## ###


You could see a spriggan druid.

Vanquished Creatures
  2 oklob plants (D)
  3 wandering mushrooms (D)
  A queen bee (D)
  3 scorpions (D)
  4 killer bees (D)
  4 scrub nettles (D)
  5 oklob saplings (D)
  2 spriggans (D)
  A river rat (D)
  A rat (D)
26 creatures vanquished.

Vanquished Creatures (collateral kills)
  2 foxfires (D)
2 creatures vanquished.

Vanquished Creatures (others)
  57 foxfires (D)
57 creatures vanquished.

Grand Total: 85 creatures vanquished

Notes
Turn   | Place    | Note
-------+----------+-------------------------------------------
     0 | D        | Conn the Octopode Fire Elementalist began the quest for the
                  | Orb.
     0 | D        | Reached XP level 1. HP: 11/11 MP: 3/3
    17 | D        | Reached XP level 2. HP: 5/17 MP: 0/5
    79 | D        | Noticed an oklob sapling
    80 | D        | Noticed a scorpion
    80 | D        | Found the amulet of invisibility {+Inv}
    84 | D        | Learned a level 2 spell: Scorch
    85 | D        | Killed a scorpion
    86 | D        | Reached XP level 3. HP: 21/21 MP: 2/8
    86 | D        | Reached XP level 4. HP: 27/27 MP: 2/9
   157 | D        | Learned a level 3 spell: Inner Flame
   162 | D        | Learned a level 4 spell: Flame Wave
   173 | D        | Found an opulent altar of Gozag.
   173 | D        | Found a hazy altar of Hepliaklqana.
   173 | D        | Found a burning altar of Makhleb.
   173 | D        | Found a roughly hewn altar of Beogh.
   173 | D        | Found a sparkling altar of Nemelex Xobeh.
   173 | D        | Found a snail-covered altar of Cheibriados.
   173 | D        | Found a sacrificial altar of Ru.
   173 | D        | Found a shimmering blue altar of Sif Muna.
   173 | D        | Found a shimmering altar of Xom.
   173 | D        | Found a basalt altar of Yredelemnul.
   174 | D        | Found a viscous altar of Jiyva.
   174 | D        | Found a bloodstained altar of Trog.
   174 | D        | Found an ornate altar of the Wu Jian Council.
   174 | D        | Noticed an oklob sapling priest
   175 | D        | Found an iron altar of Okawaru.
   175 | D        | Found a glowing silver altar of Zin.
   175 | D        | Found a shadowy altar of Dithmenos.
   260 | D        | Found an ancient bone altar of Kikubaaqudgha.
   260 | D        | Found a hide-covered altar of Uskayaw.
   261 | D        | Found a stormy altar of Qazlal.
   261 | D        | Found a white marble altar of Elyvilon.
   261 | D        | Found a glowing golden altar of the Shining One.
   262 | D        | Found a corrupted altar of Lugonu.
   262 | D        | Found a radiant altar of Vehumet.
   266 | D        | Killed an oklob sapling priest
   267 | D        | Reached skill level 5 in Stealth
   267 | D        | Reached XP level 5. HP: 31/31 MP: 6/12
   269 | D        | Became a worshipper of Sif Muna the Loreminder
   323 | D        | Reached skill level 5 in Spellcasting
   372 | D        | Reached skill level 1 in Hexes
   373 | D        | Reached * piety under Sif Muna
   374 | D        | Reached XP level 6. HP: 36/36 MP: 5/14
   377 | D        | Reached skill level 5 in Dodging
   377 | D        | Reached skill level 5 in Conjurations
   481 | D        | Found Wuanto's General Store.
   481 | D        | Found Quwniw's Antique Armour Emporium.
   488 | D        | Bought a potion of lignification for 39 gold pieces
   489 | D        | Noticed a wandering mushroom
   496 | D        | Killed a wandering mushroom
   497 | D        | Reached XP level 7. HP: 41/41 MP: 10/17
   498 | D        | Noticed a wandering mushroom
   503 | D        | Reached ** piety under Sif Muna
   508 | D        | Killed a wandering mushroom
   509 | D        | Reached skill level 5 in Hexes
   705 | D        | Found Wugabom's Armour Emporium.
   705 | D        | Found Lish's Jewellery Shoppe.
   761 | D        | Reached XP level 8. HP: 46/46 MP: 14/19
   795 | D        | Noticed a queen bee
   803 | D        | Reached *** piety under Sif Muna
   804 | D        | Reached skill level 1 in Invocations
   807 | D        | Killed a queen bee
   808 | D        | Reached skill level 5 in Shields
   906 | D        | Noticed an oklob plant
   915 | D        | Killed an oklob plant
   915 | D        | Reached **** piety under Sif Muna
   916 | D        | Reached XP level 9. HP: 51/51 MP: 3/21
  1103 | D        | Noticed an oklob plant
  1181 | D        | Noticed a wandering mushroom
  1189 | D        | Killed a wandering mushroom
  1190 | D        | Reached skill level 5 in Invocations
  1300 | D        | Killed an oklob plant
  1304 | D        | Reached ***** piety under Sif Muna
  1405 | D        | Noticed a spriggan druid
  1407 | D        | Killed from afar by a spriggan druid

Illustrated notes

Levels and vault maps discovered:
D:        dungeon_sprint_fedhas [sprint_temple]

Skill      XL: |  1  2  3  4  5  6  7  8  9 |
---------------+----------------------------+-----
Stealth        | 3 4 5 6 7 8 |  8.3
Fire Magic     | 4 6 7 8 9 |  9.2
Dodging        | 3 4 5 6 7 |  7.5
Spellcasting   | 3 4 5 6 7 8 9 |  9.4
Conjurations   | 3 4 6 7 8 9 |  9.2
Hexes          | 1 4 5 |  5.0
Shields        | 3 4 6 7 |  7.4
Invocations    | 4 6 |  6.1

Action                     |  1- 3 |  4- 6 |  7- 9 || total
---------------------------+-------+-------+-------++-------
  Melee: Unarmed           |     7 |       |       ||     7
         Tentacles         |     2 |       |       ||     2
         Constrict         |     1 |       |     1 ||     2
         Rapier            |       |       |     1 ||     1
   Cast: Foxfire           |     4 |    14 |    15 ||    33
         Scorch            |     1 |     7 |    40 ||    48
         Inner Flame       |       |     2 |     5 ||     7
         Flame Wave        |       |       |     2 ||     2
Ability: Evoke Invisibilit |       |     3 |     8 ||    11
    Use: Scroll            |     1 |     2 |       ||     3
   Stab: Sleeping          |       |       |     1 ||     1
 Armour: Skin              |     2 |     1 |     4 ||     7
  Dodge: Dodged            |     4 |     2 |     3 ||     9

Table legend: (Time is in decaauts)
 A = Elapsed time spent in this place.
 B = Non-inter-level travel time spent in this place.
 C = Inter-level travel time spent in this place.
 D = Time resting spent in this place.
 E = Time spent auto-exploring this place.
 F = Levels seen in this place.
 G = Mean time per level.
                   A        B        C        D        E       F      G
               +--------+--------+--------+--------+--------+-----+--------+
         Total |   1405 |   1405 |      0 |    938 |      0 |   1 | 1405.0 |
       Dungeon |   1405 |   1405 |      0 |    938 |      0 |   1 | 1405.0 |
               +--------+--------+--------+--------+--------+-----+--------+

Top non-repeatable levels by time:
       D: 1405 daAuts
